 Dungeon Crawl Stone Soup version 0.14-a0-2839-g31ee8e6 (webtiles) character file.

216 Psiweapon the Twirler (level 5, -1/30 HPs)
             Began as a Gargoyle Gladiator on Feb 26, 2014.
             Slain by an ogre
             ... wielding a +0,+0 giant club
              (15 damage)
             ... on Level 4 of the Dungeon.
             The game lasted 00:09:44 (2149 turns).

Psiweapon the Twirler (Gargoyle Gladiator)          Turns: 2149, Time: 00:09:44

HP  -1/30        AC 11     Str 20      XL: 5   Next:  4%
MP   5/5         EV  5     Int  8      God:
Gold 96          SH  0     Dex 10      Spells:  0 memorised,  4 levels left

rFire  . . .     SeeInvis .     a - +0 quarterstaff
rCold  . . .     Clarity  .     e - +0 scale mail
rNeg   + . .     Conserve .     (no shield)
rPois  +         rCorr    .     c - +0 helmet
rElec  +         rRot     +     (no cloak)
SustAb . .       Spirit   .     (no gloves)
rMut   .         Warding  .     (no boots)
Saprov . . .     Stasis   .     o - amulet of rage
MR     .....                    (no ring)
                                n - cursed -3 ring of evasion

@: not resistant to hostile enchantments, extremely unstealthy
A: life protection 1, electricity resistance, unbreathing, petrification
resistance, AC +4
a: Evoke Berserk Rage


You were on level 4 of the Dungeon.
You were not hungry.

You visited 1 branch of the dungeon, and saw 4 of its levels.

You collected 96 gold pieces.

Inventory:

Hand weapons
 a - a +0,+0 quarterstaff (weapon)
Missiles
 d - a throwing net (quivered)
Armour
 b - a +0 leather armour
 c - a +0 helmet (worn)
 e - a +0 scale mail (worn)
 k - a +1 hat
Comestibles
 f - 2 bread rations
 g - a meat ration
 i - a chunk of ball python flesh
 j - 2 chokos
 q - 3 chunks of orc flesh
 u - 3 rotting chunks of orc flesh
 x - a chunk of jackal flesh
 z - a chunk of rat flesh
Scrolls
 h - a scroll of recharging {unknown}
 l - 2 scrolls of fog
 r - 3 scrolls of teleportation
 v - a scroll of enchant armour
Jewellery
 n - a cursed -3 ring of evasion (left hand)
 o - an amulet of rage (around neck)
 t - an uncursed ring of hunger
 y - an uncursed ring of sustenance {unknown}
Potions
 m - a potion of resistance {unknown}
 p - 2 potions of heal wounds {unknown}
 s - 2 potions of brilliance
 w - a potion of might {unknown}


   Skills:
 - Level 2.1 Fighting
 + Level 6.1 Staves
 - Level 2.0 Throwing
 - Level 2.4 Dodging


You had 4 spell levels left.
You didn't know any spells.

Dungeon Overview and Level Annotations

Branches:
Dungeon (4/16)
 Temple: D:4-7

Altars:

Annotations:
D:3 Grinder


Innate Abilities, Weirdness & Mutations

You are resistant to torment.
You are immune to poison.
Your stone body is very resilient (AC +4).
You resist negative energy.
You are resistant to electric shocks.
You can survive without breathing.
You are immune to petrification.


Message History

The ogre is lightly wounded.
The ogre struggles against the net.
You hit the ogre.
The ogre is moderately wounded.
The ogre struggles against the net.
The net rips apart, and the ogre comes free!
The ogre hits you with a giant club!
You barely miss the ogre.
The ogre is moderately wounded.
You barely miss the ogre.
The ogre is moderately wounded.
The ogre hits you with a giant club. The rat bites you but does no damage.
You hit the ogre but do no damage.
The ogre is moderately wounded.
The ogre barely misses you. The rat bites you but does no damage.
You closely miss the ogre.
The ogre is moderately wounded.
The rat barely misses you. The ogre hits you with a giant club!
Ouch! That really hurt!
You die...

#.## ..... ...... ...(...##
## ......#.## #.##
.........###.....
........Or>.#.......
...........r@.#.#..##.#.
......................#..
#......#.......#..........
#......#.#.##....#.#........
#..........#................
#..........................
. #.......................
...#.......................
.#........................


You could see an ogre and 2 rats.

Vanquished Creatures
  3 adders
  A gnoll (D:1)
  A worm (D:3)
  3 giant geckos (D:2)
  2 oozes
  5 orcs (D:3)
  11 bats
  4 giant cockroaches
  7 hobgoblins
  5 jackals
  8 kobolds
  3 ball pythons
  2 giant newts (D:1)
  4 goblins
  11 rats
70 creatures vanquished.

Notes
Turn   | Place    | Note
--------------------------------------------------------------
     0 | D:1      | Psiweapon, the Gargoyle Gladiator, began the quest for the Orb.
     0 | D:1      | Reached XP level 1. HP: 12/12 MP: 1/1
   158 | D:1      | Reached XP level 2. HP: 17/17 MP: 2/2
   200 | D:1      | Reached skill level 4 in Staves
   558 | D:1      | Reached XP level 3. HP: 19/21 MP: 3/3
   898 | D:2      | Reached skill level 5 in Staves
  1147 | D:2      | Reached XP level 4. HP: 17/26 MP: 4/4
  2083 | D:3      | Noticed Grinder
  2094 | D:3      | Reached skill level 6 in Staves
  2094 | D:3      | Reached XP level 5. HP: 25/30 MP: 5/5
  2095 | D:3      | Paralysed by Grinder for 2 turns
  2139 | D:4      | Noticed an ogre
  2149 | D:4      | Slain by an ogre

Action                   |  1- 3 |  4- 6 || total
-------------------------+-------+-------++-------
Melee: Quarterstaff      |   100 |    89 ||   189
Throw: Throwing net      |       |     2 ||     2
  Use: Scroll            |       |     7 ||     7
